 Dungeon Crawl Stone Soup version 0.26-a0-259-g1effd001a9 (webtiles) character file.

Game seed: 3340368017683605131

60207 vurker the Stormcaller (level 14, 0/128 (129) HPs)
             Began as a Black Draconian Air Elementalist on July 15, 2020.
             Was a High Priest of Vehumet.
             Slain by a skeletal warrior
             ... wielding a +0 long sword
             ... led by a skeletal warrior
              (25 damage)
             ... on level 11 of the Dungeon.
             The game lasted 00:36:59 (30833 turns).

vurker the Stormcaller (DrAE)                      Turns: 30833, Time: 00:36:59

HP:   0/128 (129)   AC: 12    Str: 11    XL:     14   Next: 56%
MP:   2/31          EV: 15    Int: 27    God:    Vehumet [*****.]
Gold: 996           SH:  0    Dex: 15    Spells: 35/40 levels left

rFire    + . .     SeeInvis .   a - +1 flail of the Magi {elec, Int+6}
rCold    + . .     Faith    .   (no shield)
rNeg     + . .     Spirit   .   (armour unavailable)
rPois    .         Reflect  .   y - +0 hat
rElec    +         Harm     .   F - +1 cloak
rCorr    .                      r - +1 pair of gloves
MR       +....                  (no boots)
Stlth    ++........             D - amulet of the acrobat
HPRegen  0.31/turn              N - ring "Lyiheuch" {rElec rF+ rC+ Dex+4}
MPRegen  0.22/turn              H - ring of positive energy

@: flying, very slightly contaminated
A: breathe lightning, unfitting armour, big wings, electricity resistance,
cold-blooded, AC +8
a: Breathe Lightning, Stop Flying, Renounce Religion


You were on level 11 of the Dungeon.
You worshipped Vehumet.
Vehumet was extremely pleased with you.
You were not hungry.

You visited 3 branches of the dungeon, and saw 18 of its levels.
You also visited: Gauntlet.

You collected 1296 gold pieces.
You spent 300 gold pieces at shops.

Inventory:

Hand Weapons
 a - the +1 flail of the Magi (weapon) {elec, Int+6}
   (You found it on level 4 of the Lair of Beasts)

   Occasionally, upon striking a foe, it will discharge some electrical energy
   and cause terrible harm.
   It affects your intelligence (+6).
 x - the +9 hand crossbow "Dumo" {freeze, rPois MR+}
   (You found it on level 6 of the Lair of Beasts)

   It causes projectiles fired from it to freeze those they strike, causing
   extra injury to most foes and up to half again as much damage against
   particularly susceptible opponents.
   They can also slow down cold-blooded creatures.
   It protects you from poison.
   It affects your resistance to hostile enchantments.
Armour
 r - a +1 pair of gloves (worn)
   (You found it on level 4 of the Dungeon)
 y - a +0 hat (worn)
   (You took it off Gastronok on level 3 of the Lair of Beasts)
 F - a +1 cloak (worn)
   (You took it off Maurice on level 10 of the Dungeon)
Magical Staves
 b - an uncursed staff of poison
   (You found it on level 9 of the Dungeon)
 L - an uncursed staff of air
   (You found it on level 6 of the Lair of Beasts)
Jewellery
 t - an uncursed amulet of reflection
   (You found it on level 4 of the Lair of Beasts)
 u - an uncursed ring of ice
   (You found it on level 6 of the Dungeon)
 A - an uncursed ring of fire
   (You found it on level 6 of the Dungeon)
 D - an amulet of the acrobat (around neck)
   (You found it on level 9 of the Dungeon)
 E - an uncursed ring of resist corrosion
   (You found it on level 2 of the Lair of Beasts)
 H - a ring of positive energy (right hand)
   (You found it on level 11 of the Dungeon)
 N - the ring "Lyiheuch" (left hand) {rElec rF+ rC+ Dex+4}
   (You found it on level 6 of the Lair of Beasts)

   [ring of protection from fire]

   It affects your dexterity (+4).
   It protects you from fire.
   It protects you from cold.
   It insulates you from electricity.
Wands
 c - a wand of disintegration (16)
   (You found it on level 5 of the Dungeon)
 d - a wand of iceblast (26)
   (You took it off Ijyb on level 4 of the Dungeon)
 j - a wand of polymorph (30)
   (You found it on level 3 of the Dungeon)
 v - a wand of digging (3)
   (You took it off Joseph on level 7 of the Dungeon)
Scrolls
 h - 2 scrolls of identify
 i - 3 scrolls of enchant armour
 n - a scroll of immolation
 s - a scroll of magic mapping
 z - 3 scrolls of fog
 B - 2 scrolls of amnesia
 C - 3 scrolls of remove curse
 J - 4 scrolls of fear
 K - a scroll of holy word
 M - a scroll of enchant weapon
Potions
 f - 2 potions of flight
 g - 8 potions of curing
 k - 2 potions of magic
 l - a potion of invisibility
 m - 2 potions of mutation
 o - 2 potions of might
 p - 6 potions of haste
 q - a potion of lignification
 G - 2 potions of heal wounds
Comestibles
 e - 49 rations


   Skills:
 + Level 13.0 Fighting
 - Level 5.3 Dodging
 - Level 1.7 Stealth
 * Level 13.9 Spellcasting
 - Level 1.0 Conjurations
 * Level 17.9 Air Magic


You had 35 spell levels left.
You knew the following spells:

 Your Spells              Type           Power        Failure   Level
a - Shock                 Conj/Air       ####         1%          1
c - Airstrike             Air            #######...   0%          4

Your spell library contained the following spells:

 Spells                   Type           Power        Failure   Level
 Orb of Destruction       Conj           ###.......   97%         7
 Magic Dart               Conj           ###.         1%          1
 Corpse Rot               Necr/Air       N/A          1%          2
 Searing Ray              Conj           ###...       1%          2
 Swiftness                Chrm/Air       ######..     1%          2
 Conjure Flame            Conj/Fire      ###.....     1%          3
 Dazzling Flash           Conj/Hex       ###...       1%          3
 Mephitic Cloud           Conj/Pois/Air  ######..     1%          3
 Static Discharge         Conj/Air       ######..     1%          3
 Lightning Bolt           Conj/Air       ######....   1%          5
 Beastly Appendage        Tmut           ###...       3%          1
 Blink                    Tloc           N/A          4%          2
 Call Imp                 Summ           ###.....     4%          2
 Slow                     Hex            ###.....     4%          2
 Sticks to Snakes         Tmut           ###.....     4%          2
 Fulminant Prism          Conj/Hex       ###.......   7%          4
 Iskenderun's Mystic Bla  Conj/Tloc      ###.....     7%          4
 Spider Form              Tmut/Pois      ###.......   9%          3
 Freezing Cloud           Conj/Ice/Air   ######....   9%          6
 Ice Form                 Ice/Tmut       ###.....     28%         4
 Blade Hands              Tmut           ###.......   63%         5
 Discord                  Hex            ###.......   100%        8


Dungeon Overview and Level Annotations

Branches:
Dungeon (11/15)            Temple (1/1) D:4            Lair (6/6) D:10
  Swamp (0/4) Lair:4       Spider (0/4) Lair:2        Slime (0/5) Lair:5
    Orc (0/2) D:11        Gauntlet (visited)

Altars:
Ashenzari
Dithmenos
Elyvilon
Hepliaklqana
Kikubaaqudgha
Makhleb
Nemelex Xobeh
Okawaru
Qazlal
Sif Muna
Trog
Uskayaw
Vehumet
Wu Jian
Yredelemnul
Zin
Jiyva

Shops:
D:6 =[!?

Portals:
Trove: D:10 (give +3 storm dragon scales)

Annotations:
D:10 3 runed translucent doors
Lair:1 1 runed translucent door, wvc's ghost, journeyman NaGl


Innate Abilities, Weirdness & Mutations

You can breathe wild blasts of lightning.
Your glossy black scales are hard. (AC +8)
You cannot fit into any form of body armour.
Your large and strong wings let you fly indefinitely.
You are resistant to electric shocks. (rElec)
You are cold-blooded and may be slowed by cold attacks.


Message History

The skeletal warrior is engulfed in blazing flames.
Aim: a skeletal warrior, wielding a +0 long sword (flame, lightly damaged)
The air twists around and strikes the skeletal warrior!
You are engulfed in freezing vapours.
You resist.
* * * LOW HITPOINT WARNING * * *
The skeletal warrior is engulfed in blazing flames.
Really fly into that dispersal trap?
You enter a dispersal trap!
The skeletal warrior blinks!
You blink.
You are engulfed in blazing flames.
You resist.
* * * LOW HITPOINT WARNING * * *
The manticore flicks its tail.
The volley of spikes misses you.
You see here a stone.
Unknown command.
Okay, then.
Unknown command.
Blink to where?
You are very lightly contaminated with residual magic.
As you read the scroll of blinking, it crumbles to dust.
Aim: a manticore (moderately wounded)
The air twists around and violently strikes the manticore!!
The manticore flicks its tail.
The volley of spikes hits you!
The barbed spikes become lodged in your body.
* * * LOW HITPOINT WARNING * * *
Aim: a manticore (almost dead)
The air twists around and violently strikes the manticore!
You kill the manticore!
Vehumet accepts your kill.
You feel your power returning.
The skeletal warrior is too close now for your liking.
Aim: a skeletal warrior, wielding a +0 long sword (flame, heavily damaged)
The zap hits the skeletal warrior.
Aim: a skeletal warrior, wielding a +0 long sword (flame, severely damaged)
The zap hits the skeletal warrior.
You carefully extract the barbed spikes from your body.
The skeletal warrior is engulfed in blazing flames.
A skeletal warrior is nearby!
Aim: a skeletal warrior, wielding a +0 long sword (almost destroyed)
The zap hits the skeletal warrior but does no damage.
Aim: a skeletal warrior, wielding a +0 long sword (almost destroyed)
The zap hits the skeletal warrior but does no damage.
Aim: a skeletal warrior, wielding a +0 long sword (almost destroyed)
The zap hits the skeletal warrior.
Aim: a skeletal warrior, wielding a +0 long sword (almost destroyed)
The zap misses the skeletal warrior.
Aim: a skeletal warrior, wielding a +0 long sword (almost destroyed)
The air twists around and strikes the skeletal warrior.
The skeletal warrior hits you with a +0 long sword!!
You die...

## #.#####.#
#.##z...# #.##§####
#S #######.##§# ..
#.......##§# #. #.
#.########§#
###..###.# #§#
...z.....########(#
####.##....@z...☼(#
#...########## .
.......# .. #.#
###....# .. ...
.z.#... .. ..#
........ . #..#
##.###.### ### #..#
#. #. ... ##..#
#.##


You could see a skeletal warrior.

Vanquished Creatures
  Gastronok (Lair:3)
  Kirke (Lair:4)
  A fire dragon (D:10)
  4 hydras
  A vault guard (D:10)
  A two-headed ogre (D:8)
  3 catoblepae
  A deep troll shaman (Lair:6)
  6 death yaks
  Urug (Lair:2)
  A skeletal warrior (D:10)
  A lindwurm (Lair:6)
  Pikel (D:8)
  4 oklob plants (Lair:4)
  A manticore (D:11)
  11 elephants
  8 black mambas
  Joseph (D:7)
  Maurice (D:10)
  13 cane toads
  2 torpor snails
  Maggie (D:7)
  5 komodo dragons
  2 rime drakes
  A troll (D:11)
  2 jumping spiders (Lair:2)
  Prince Ribbit (D:7)
  2 polar bears
  Grinder (D:3)
  6 hippogriffs
  7 blink frogs
  7 dream sheep (Lair:4)
  A redback (Lair:2)
  Sigmund (D:3)
  18 yaks
  4 hogs
  4 wyverns
  2 basilisks (Lair:6)
  Menkaure (D:4)
  13 water moccasins
  Duvessa (D:6)
  15 porcupines
  6 orc warriors
  A necrophage (D:7)
  4 ice beasts
  2 phantoms
  4 black bears
  7 ogres
  16 wolves
  2 lemures (D:8)
  11 crocodiles
  5 centaurs
  A big kobold (D:10)
  Blork the orc (D:6)
  A gnoll sergeant (D:9)
  10 bullfrogs
  6 scorpions
  A water moccasin skeleton (D:7)
  Dowan (D:6)
  4 killer bees (D:11)
  4 wights (D:6)
  2 electric eels (Lair:4)
  3 howler monkeys (D:7)
  5 hounds
  A jelly (D:6)
  A centaur zombie (D:6)
  A bullfrog zombie (D:6)
  8 orc priests
  8 orc wizards
  3 bullfrog skeletons
  Ijyb (D:4)
  3 iguanas
  13 worker ants
  2 hound skeletons
  2 worker ant zombies
  Robin (D:4)
  8 gnolls
  A howler monkey skeleton (D:9)
  11 adders
  A shadow imp (D:5)
  A white imp (D:5)
  An ufetubus (D:10)
  2 oozes
  An adder skeleton (D:4)
  3 worms
  3 dart slugs
  4 leopard geckos
  48 orcs
  3 ball pythons
  11 giant cockroaches
  11 goblins
  6 hobgoblins
  9 jackals
  4 quokkas
  5 bats (D:1)
  5 frilled lizards
  10 kobolds
  2 leopard gecko skeletons
  A quokka skeleton (D:7)
  A quokka zombie (D:6)
  4 rats
  4 plants
460 creatures vanquished.

Vanquished Creatures (others)
  A skeletal warrior (D:11)
  An adder (D:11)
  A frilled lizard (D:4)
  12 fungi
  9 plants
24 creatures vanquished.

Grand Total: 484 creatures vanquished

Notes
Turn   | Place    | Note
-------+----------+-------------------------------------------
     0 | D:1      | vurker the Draconian Air Elementalist began the quest for
                  | the Orb.
     0 | D:1      | Reached XP level 1. HP: 14/14 MP: 3/3
   172 | D:1      | Reached XP level 2. HP: 21/22 MP: 0/5
   751 | D:1      | Reached skill level 1 in Fighting
  1189 | D:2      | Found a burning altar of Makhleb.
  1213 | D:2      | Reached XP level 3. HP: 21/28 MP: 0/6
  2121 | D:3      | Reached skill level 4 in Air Magic
  2121 | D:3      | Reached XP level 4. HP: 33/36 MP: 1/8
  2430 | D:3      | Found a shattered altar of Ashenzari.
  2869 | D:3      | Noticed Sigmund
  2885 | D:3      | Killed Sigmund
  2885 | D:3      | Reached XP level 5. HP: 26/42 MP: 3/11
  2885 | D:3      | Reached XP level 6. HP: 32/50 MP: 3/12
  3358 | D:3      | Noticed Grinder
  3364 | D:3      | Paralysed by Grinder for 2 turns
  3397 | D:3      | Paralysed by Grinder for 3 turns
  3404 | D:3      | Killed Grinder
  3404 | D:3      | Reached skill level 5 in Air Magic
  3699 | D:4      | Your scales start taking on a glossy black colour.
  3699 | D:4      | Reached skill level 6 in Air Magic
  3699 | D:4      | Reached XP level 7. HP: 54/57 MP: 7/14
  3699 | D:4      | Gained mutation: You are resistant to electric shocks.
                  | (rElec) [Black Draconian growth]
  3834 | D:4      | Noticed Robin
  3844 | D:4      | Killed Robin
  4615 | D:4      | Noticed Menkaure
  4636 | D:4      | Killed Menkaure
  4636 | D:4      | Reached skill level 5 in Spellcasting
  4636 | D:4      | Reached skill level 7 in Air Magic
  4844 | D:4      | Learned a level 4 spell: Airstrike
  5013 | D:4      | Noticed Ijyb
  5038 | D:4      | Killed Ijyb
  5197 | D:4      | Found a staircase to the Ecumenical Temple.
  5206 | Temple   | Entered the Ecumenical Temple
  5217 | Temple   | Became a worshipper of Vehumet
  5365 | D:5      | Entered Level 5 of the Dungeon
  5572 | D:5      | Reached skill level 8 in Air Magic
  5572 | D:5      | Reached XP level 8. HP: 58/66 MP: 8/16
  6859 | D:6      | Reached * piety under Vehumet
  6859 | D:6      | Offered knowledge of Sandblast by Vehumet.
  6870 | D:6      | Reached skill level 9 in Air Magic
  6896 | D:6      | Reached skill level 5 in Fighting
  6899 | D:6      | HP: 1/68 [bullfrog (4)]
  7378 | D:6      | Noticed Dowan
  7380 | D:6      | Noticed Duvessa
  7393 | D:6      | Killed Dowan
  7402 | D:6      | Killed Duvessa
  7402 | D:6      | Reached XP level 9. HP: 17/74 MP: 2/19
  7840 | D:6      | Found Mubodar's Magic Scroll Shoppe.
  7846 | D:6      | Found Qonieb's Distillery.
  7847 | D:6      | Bought a scroll of teleportation for 39 gold pieces
  7847 | D:6      | Bought a scroll of immolation for 45 gold pieces
  7854 | D:6      | Bought a potion of magic for 96 gold pieces
  7854 | D:6      | Bought a potion of haste for 120 gold pieces
  7873 | D:6      | Noticed Blork the orc
  7921 | D:6      | Killed Blork the orc
  8129 | D:6      | Found Unekelylitz's Antique Armour Boutique.
  8146 | D:6      | Reached skill level 10 in Air Magic
  8259 | D:6      | Found a shadowy altar of Dithmenos.
  8286 | D:6      | Found Uhubriky's Jewellery Shop.
  8549 | D:7      | Noticed Joseph
  8819 | D:7      | Found a shattered altar of Ashenzari.
  8834 | D:7      | Killed Joseph
  9163 | D:7      | Offered knowledge of Foxfire by Vehumet.
  9165 | D:7      | Reached ** piety under Vehumet
  9237 | D:7      | Noticed Maggie
  9242 | D:7      | Killed Maggie
  9424 | D:7      | Reached skill level 11 in Air Magic
  9621 | D:7      | Noticed Prince Ribbit
  9626 | D:7      | Killed Prince Ribbit
 10011 | D:7      | Reached XP level 10. HP: 83/83 MP: 6/22
 10583 | D:8      | Found a hazy altar of Hepliaklqana.
 10603 | D:8      | Found a stormy altar of Qazlal.
 10605 | D:8      | Found a hide-covered altar of Uskayaw.
 10607 | D:8      | Found an iron altar of Okawaru.
 10608 | D:8      | Found a sparkling altar of Nemelex Xobeh.
 11084 | D:8      | Found an ornate altar of the Wu Jian Council.
 11248 | D:8      | Noticed Pikel
 11449 | D:8      | Killed Pikel
 11731 | D:8      | Reached skill level 12 in Air Magic
 11807 | D:8      | Offered knowledge of Frozen Ramparts by Vehumet.
 12004 | D:8      | Noticed a two-headed ogre
 12018 | D:8      | Killed a two-headed ogre
 12496 | D:9      | Found a glowing silver altar of Zin.
 12735 | D:9      | Identified Sif Muna's Guide on the Floating Oath
 12797 | D:9      | Reached *** piety under Vehumet
 13755 | D:10     | Entered Level 10 of the Dungeon
 13794 | D:10     | Reached skill level 10 in Spellcasting
 14011 | D:10     | Offered knowledge of Stone Arrow by Vehumet.
 14244 | D:10     | Noticed a vault guard
 14259 | D:10     | Killed a vault guard
 14259 | D:10     | Reached skill level 13 in Air Magic
 14259 | D:10     | Reached XP level 11. HP: 43/93 MP: 3/25
 14599 | D:10     | Found a staircase to the Lair.
 14740 | D:10     | Noticed Maurice
 14761 | D:10     | Killed Maurice
 14767 | D:10     | Reached **** piety under Vehumet
 14879 | D:10     | Found a runed translucent gate.
 14879 | D:10     | Noticed a purple ugly thing
 14879 | D:10     | Noticed a white very ugly thing
 14880 | D:10     | Found a runed translucent gate.
 14880 | D:10     | Found a runed translucent gate.
 14880 | D:10     | Noticed a cyan ugly thing
 14880 | D:10     | Noticed a cyan ugly thing
 14880 | D:10     | Noticed a cyan ugly thing
 14881 | D:10     | Noticed a cyan ugly thing
 14922 | D:10     | Found a portal to a secret trove of treasure.
 15270 | D:11     | Reached skill level 10 in Fighting
 15270 | D:11     | Reached skill level 5 in Dodging
 15270 | D:11     | Reached XP level 12. HP: 106/106 MP: 26/26
 15436 | D:11     | Offered knowledge of Iskenderun's Mystic Blast by Vehumet.
 15610 | D:11     | Noticed a fire dragon
 15733 | Lair:1   | Entered Level 1 of the Lair of Beasts
 15842 | Lair:1   | Reached skill level 14 in Air Magic
 16415 | Lair:1   | Found a runed translucent door.
 17078 | Lair:1   | Noticed wvc's ghost (journeyman NaGl)
 17258 | Lair:2   | Noticed a six-headed hydra
 17263 | Lair:2   | Killed a six-headed hydra
 18376 | Lair:2   | Reached skill level 15 in Air Magic
 18617 | Lair:2   | Found a hole to the Spider Nest.
 18900 | Lair:2   | Noticed Urug
 18908 | Lair:2   | Killed Urug
 19380 | Lair:3   | Noticed Gastronok
 19392 | Lair:3   | Killed Gastronok
 19392 | Lair:3   | Reached XP level 13. HP: 61/115 MP: 1/28
 20390 | Lair:4   | Got a shimmering flail
 20391 | Lair:4   | Identified the +1 flail of the Magi {elec, Int+6} (You
                  | found it on level 4 of the Lair of Beasts)
 20490 | Lair:4   | Reached ***** piety under Vehumet
 20726 | Lair:4   | Offered knowledge of Irradiate by Vehumet.
 21347 | Lair:4   | Reached skill level 16 in Air Magic
 21504 | Lair:4   | Found a staircase to the Swamp.
 21680 | Lair:4   | Noticed Kirke
 22369 | Lair:4   | Killed Kirke
 23236 | Lair:5   | Found a gate leading to a gauntlet.
 23255 | Gauntlet | Entered a Gauntlet
 23255 | Gauntlet | Found a transporter.
 23384 | Gauntlet | Found a transporter.
 23385 | Gauntlet | Found a transporter.
 23393 | Gauntlet | Found a transporter.
 23396 | Gauntlet | Found a transporter.
 23397 | Gauntlet | Found a transporter.
 23401 | Gauntlet | Found a runed translucent door.
 23402 | Gauntlet | Found a runed translucent door.
 23405 | Gauntlet | Found a transporter.
 23408 | Gauntlet | Found a transporter.
 23409 | Gauntlet | Found a transporter.
 23420 | Gauntlet | Found a transporter.
 23421 | Gauntlet | Found a transporter.
 23422 | Gauntlet | Found a transporter.
 23432 | Gauntlet | Found a transporter.
 23489 | Gauntlet | Found a transporter.
 24474 | Lair:5   | Found a viscous altar of Jiyva.
 24475 | Lair:5   | Found a staircase to the Slime Pits.
 24597 | Lair:6   | Entered Level 6 of the Lair of Beasts
 25404 | Lair:6   | Reached skill level 17 in Air Magic
 25598 | Lair:6   | Gained mutation: Your large and strong wings let you fly
                  | indefinitely. [Black Draconian growth]
 25598 | Lair:6   | Reached XP level 14. HP: 126/126 MP: 10/31
 28582 | Lair:5   | HP: 6/126 [death yak (20)]
 29690 | Lair:6   | Got a crude hand crossbow
 29691 | Lair:6   | Identified the +9 hand crossbow "Dumo" {freeze, rPois MR+}
                  | (You found it on level 6 of the Lair of Beasts)
 29694 | Lair:6   | Got a vibrating glass ring
 29696 | Lair:6   | Identified the ring "Lyiheuch" {rElec rF+ rC+ Dex+4} (You
                  | found it on level 6 of the Lair of Beasts)
 29826 | Lair:2   | Offered knowledge of Orb of Destruction by Vehumet.
 30587 | D:11     | Found a staircase to the Orcish Mines.
 30833 | D:11     | Slain by a skeletal warrior

Illustrated notes

Levels and vault maps discovered:
D:1:      dpeg_arrival_round_c, layout_basic
D:2:      layout_basic, bloody_makhleb
D:3:      layout_basic, lemuel_crystal_altar, minmay_between, uniq_sigmund,
          uniq_grinder
D:4:      layout_gridville, lemuel_temple_firewalk_b, uniq_robin, uniq_ijyb,
          uniq_menkaure
D:5:      layout_cave_pools, first_ration, lightli_corner_chamber
D:6:      layout_loops_ring, overflow_temple_1_default, serial_shops, shop,
          nicolae_shop_temple_entry_statues_fountains,
          nicolae_shop_overgrown_old_shop, kennysheep_mini_moat,
          minmay_checkerbox, uniq_duvessa, uniq_blork_the_orc
D:7:      layout_layer_cave, nicolae_ashenzari_panopticon, uniq_joseph,
          uniq_maggie, uniq_prince_ribbit1
D:8:      layout_loops_corners, grunt_temple_overflow_open, lemuel_doored_altar,
          uniq_pikel
D:9:      layout_loops_corners, basic_altar
D:10:     layout_roguey, david_lair_shrubbed, special_room [special_room_orc],
          ploomutoo_gammafunk_ghost_potion_laboratory, enter_trove_5,
          uniq_maurice
D:11:     layout_loops_ring, orc_0_dummy
Temple:   dshaligram_water_room_temple
Lair:1:   layout_cave_pods, ebering_ghost_reflecting_pool,
          nicolae_quartered_pool_little, minivault_26, st_stairs_3
Lair:2:   layout_hall_layers, spider_nest_entry_a,
          chequers_serial_rivers_small_a, serial_bayou_pond_c,
          beast_lair_carwin_1, uniq_urug
Lair:3:   layout_chaotic_city, minivault_23, serial_bayou_pond_d,
          kennysheep_catoblepas_arena, uniq_gastronok
Lair:4:   layout_hall_layers, swamp_mist, serial_bayou_shore_a,
          grunt_megastairs_5, lemuel_fruit_tree, minmay_lair_oklob_chamber,
          serial_bayou_shore_b, serial_bayou_shore_b, uniq_kirke
Lair:5:   layout_concentric_octagons, dpeg_slime_entry_enclosed_altar,
          enter_volcano_4, gauntlet_entry_generic
Lair:6:   grunt_lair_end_beastmaster, layout_regular_city

Skill      XL: |  1  2  3  4  5  6  7  8  9 10 11 12 13 14 |
---------------+-------------------------------------------+-----
Fighting       | 1 2 3 4 5 6 8 10 11 12 13 | 13.0
Spellcasting   | 3 4 5 7 8 10 11 13 | 13.9
Air Magic      | 4 6 8 9 11 13 15 17 | 17.9
Dodging        | 5 |  5.3
Stealth        | |  1.7
Conjurations   | |  1.0

Action                   |  1- 3 |  4- 6 |  7- 9 | 10-12 | 13-15 || total
-------------------------+-------+-------+-------+-------+-------++-------
Melee: Unarmed           |    39 |       |       |       |     6 ||    45
       Tailslap          |     5 |     2 |     9 |    15 |    11 ||    42
       Dagger            |     9 |    24 |    59 |    66 |    11 ||   169
       Flail             |       |       |       |       |    58 ||    58
       Staff             |       |       |       |       |     1 ||     1
 Cast: Shock             |    86 |    75 |   245 |    96 |   165 ||   667
       Airstrike         |       |       |    67 |   246 |   345 ||   658
 Abil: Breathe Lightning |       |       |     9 |     5 |     8 ||    22
       Fly               |       |       |       |       |     1 ||     1
Evoke: Wand              |       |       |     6 |     6 |    14 ||    26
  Use: Potion            |     1 |       |       |     1 |       ||     2
       Scroll            |       |       |     9 |    14 |     5 ||    28
 Stab: Sleeping          |       |     1 |       |       |       ||     1
  Eat: Ration            |     1 |     2 |     5 |     9 |    10 ||    27
Armor: Skin              |    14 |    10 |    52 |    33 |    67 ||   176
Dodge: Dodged            |    35 |    26 |    96 |    99 |   226 ||   482

Table legend:
 A = Non-vault XP
 B = Vault XP
 C = Vault XP percentage of total XP
 D = Non-vault monster count
 E = Vault monster count
 F = Vault count percentage of total count
                 A         B        C        D         E       F
            +---------+---------+-------+---------+---------+-------
      Total |   47760 |   26413 |  35.6 |     358 |      98 |  21.5
            +---------+---------+-------+---------+---------+-------
        D:1 |      37 |       0 |   0.0 |      21 |       0 |   0.0
        D:2 |      30 |       0 |   0.0 |      14 |       0 |   0.0
        D:3 |     108 |     508 |  82.5 |      21 |       5 |  19.2
        D:4 |     222 |     258 |  53.8 |      13 |      14 |  51.9
        D:5 |     725 |       0 |   0.0 |      15 |       0 |   0.0
        D:6 |     972 |     560 |  36.6 |      28 |       7 |  20.0
        D:7 |    1066 |    1115 |  51.1 |      30 |       3 |   9.1
        D:8 |    2749 |     617 |  18.3 |      25 |       1 |   3.8
        D:9 |     853 |       0 |   0.0 |      17 |       0 |   0.0
       D:10 |    3137 |    1806 |  36.5 |      19 |      21 |  52.5
       D:11 |    2206 |       0 |   0.0 |      27 |       0 |   0.0
     Lair:1 |    2151 |    1421 |  39.8 |      11 |       7 |  38.9
     Lair:2 |    4692 |    2440 |  34.2 |      19 |       8 |  29.6
     Lair:3 |    2814 |    3452 |  55.1 |      12 |       4 |  25.0
     Lair:4 |    6575 |    5628 |  46.1 |      25 |      10 |  28.6
     Lair:5 |    6534 |    2586 |  28.4 |      24 |       3 |  11.1
     Lair:6 |   12889 |    6022 |  31.8 |      37 |      15 |  28.8
            +---------+---------+-------+---------+---------+-------
